 Dungeon Crawl Stone Soup version 0.29.1-1-gd02db6906a (webtiles) character file.

Game seed: 7194747869295040052

112773 raph the Phalangite (level 16, -2/128 HPs)
             Began as a Merfolk Gladiator on Oct 8, 2022.
             Was the Champion of Nemelex Xobeh.
             Killed from afar by a manticore (19 damage)
             ... with a volley of spikes
             ... on level 1 of the Shoals.
             The game lasted 00:51:25 (37541 turns).

raph the Phalangite (Merfolk Gladiator)            Turns: 37541, Time: 00:51:26

Health: -2/128     AC: 18    Str: 15    XL:     16   Next: 61%
Magic:  20/20      EV: 39    Int:  7    God:    Nemelex Xobeh [******]
Gold:   284        SH:  0    Dex: 21    Spells: 15/15 levels left

rFire   + . .      SeeInvis .   a - +2 bardiche
rCold   . . .      Faith    .   (shield currently unavailable)
rNeg    . . .      Spirit   .   L - +1 ring mail {rPois}
rPois   +          Reflect  .   p - +2 helmet
rElec   +          Harm     .   o - +1 cloak
rCorr   .          Rampage  .   m - +2 pair of gloves
Will    .....                   V - +2 pair of boots {rF+}
Stlth   +.........              S - amulet of Awe {Acrobat rElec Dex-2 Slay+2}
HPRegen 0.31/turn               f - +4 ring of slaying
MPRegen 0.17/turn               N - +4 ring of evasion

@: lit by a corona, weak-willed, spiked, acrobatic, glowing
A: (nimble swimmer 2), mertail
a: Renounce Religion, Draw Escape, Draw Destruction, Draw Summoning, Triple
Draw, Deal Four, Stack Five


You were on level 1 of the Shoals.
You worshipped Nemelex Xobeh.
Nemelex Xobeh was exalted by your worship.
You visited 4 branches of the dungeon, and saw 23 of its levels.

You collected 2831 gold pieces.
You spent 2547 gold pieces at shops.

Inventory:

Hand Weapons
 a - a +2 bardiche (weapon)
 b - a +5 glaive of flaming
Missiles
 d - 3 throwing nets
 i - 7 curare-tipped darts
 n - a silver boomerang (quivered)
 q - 14 poisoned darts
 w - a javelin
 G - 6 boomerangs
 W - 2 boomerangs of dispersal
Armour
 m - a +2 pair of gloves (worn)
 o - a +1 cloak (worn)
 p - a +2 helmet (worn)
 L - a +1 ring mail of poison resistance (worn)
 V - a +2 pair of boots of fire resistance (worn)
 X - +1 acid dragon scales
Jewellery
 c - a ring of protection from fire
 f - a +4 ring of slaying (left hand)
 A - a ring of protection from cold
 N - a +4 ring of evasion (right hand)
 S - the amulet of Awe (around neck) {Acrobat rElec Dex-2 Slay+2}
   (You bought it in a shop on level 2 of the Dungeon)

   [amulet of the acrobat]

   It increases your evasion while moving and waiting.
   Dex:       It affects your dexterity (-2).
   Slay:      It affects your accuracy & damage with ranged weapons and melee
   (+2).
   rElec:     It insulates you from electricity.
Wands
 r - a wand of roots (6)
 y - a wand of light (6)
 B - a wand of flame (26)
 H - a wand of digging (10)
 K - a wand of charming (18)
 O - a wand of mindburst (9)
Scrolls
 h - 10 scrolls of teleportation
 l - 5 scrolls of magic mapping
 s - 2 scrolls of butterflies
 v - a scroll of fear
 E - a scroll of silence
 I - a scroll of blinking
 J - 11 scrolls of identify
 T - 4 scrolls of amnesia
Potions
 e - 4 potions of flight
 g - 8 potions of curing
 j - 2 potions of resistance
 k - 4 potions of invisibility
 t - 2 potions of cancellation
 x - 3 potions of heal wounds
 z - 4 potions of brilliance
 C - 2 potions of attraction
 D - 6 potions of might
 F - 5 potions of ambrosia
 Q - 3 potions of haste
 R - 3 potions of mutation
 Y - 7 potions of lignification
 Z - a potion of magic
Miscellaneous
 u - a phantom mirror


   Skills:
 + Level 12.3 Fighting
 - Level 24.0 Polearms
 + Level 10.8 Throwing
 + Level 4.2 Armour
 + Level 14.6 Dodging
 - Level 5.9 Stealth
 + Level 6.3 Invocations
 + Level 9.1 Evocations


You had 15 spell levels left.
You didn't know any spells.
Your spell library contained the following spells:

 Spells                   Type           Power      Damage    Failure   Level
 Apportation              Tloc           0%         N/A       65%         1
 Magic Dart               Conj           0%         1d3       65%         1
 Necrotise                Necr           0%         1d4       65%         1
 Sandblast                Erth           0%         2d4       65%         1
 Slow                     Hex            0%         N/A       65%         1
 Sting                    Tmut/Pois      0%         1d3       65%         1
 Summon Small Mammal      Summ           0%         N/A       65%         1
 Call Imp                 Summ           0%         N/A       78%         2
 Passwall                 Tmut/Erth      0%         N/A       78%         2
 Poisonous Vapours        Pois/Air       0%         N/A       78%         2
 Sublimation of Blood     Necr           0%         N/A       78%         2
 Wereblood                Tmut           0%         N/A       78%         2
 Confusing Touch          Hex            0%         N/A       95%         3
 Gell's Gravitas          Tloc           0%         N/A       95%         3
 Mephitic Cloud           Conj/Pois/Air  0%         N/A       95%         3
 Stone Arrow              Conj/Erth      0%         3d7       95%         3
 Teleport Other           Tloc           0%         N/A       95%         3
 Vampiric Draining        Necr           0%         2d6       95%         3
 Airstrike                Air            0%         2d(0-16)  100%        4
 Cause Fear               Hex            0%         N/A       100%        4
 Olgreb's Toxic Radiance  Pois           0%         N/A       100%        4
 Petrify                  Tmut/Erth      0%         N/A       100%        4
 Sticky Flame             Conj/Fire      0%         2d3       100%        4
 Summon Ice Beast         Ice/Summ       0%         N/A       100%        4
 Summon Lightning Spire   Summ/Air       0%         N/A       100%        4
 Alistair's Intoxication  Tmut/Pois      0%         N/A       100%        5
 Borgnjor's Vile Clutch   Necr/Erth      0%         N/A       100%        5
 Irradiate                Conj/Tmut      0%         3d11      100%        5
 Lightning Bolt           Conj/Air       0%         1d11      100%        5
 Metabolic Englaciation   Hex/Ice        0%         N/A       100%        5
 Summon Mana Viper        Hex/Summ       0%         N/A       100%        5
 Dispersal                Tloc           0%         N/A       100%        6
 Eringya's Noxious Bog    Tmut/Pois      0%         N/A       100%        6
 Iron Shot                Conj/Erth      0%         9d1       100%        6
 Statue Form              Tmut/Erth      0%         N/A       100%        6
 Monstrous Menagerie      Summ           0%         N/A       100%        7
 Summon Hydra             Summ           0%         N/A       100%        7


Dungeon Overview and Level Annotations

Branches:
Dungeon (15/15)            Temple (0/1) D:7            Lair (5/5) D:8
 Shoals (1/4) Lair:3       Spider (0/4) Lair:3        Slime (0/5) Lair:5
    Orc (2/2) D:11            Elf (0/3) Orc:2        Vaults (0/5) D:14
 Depths (0/4) D:15

Altars:
Cheibriados
Elyvilon
Fedhas
Hepliaklqana
Kikubaaqudgha
Makhleb
Nemelex Xobeh
Ru
Uskayaw
Vehumet
Xom
Zin
The Shining One

Shops:
D:2 =   D:4 *   D:14 (!?=*   Orc:2 ((=!

Portals:
Trove: D:10 (give +5 demon whip)

Annotations:
Lair:1 1 runed translucent door, Asparus's ghost, journeyman DsCj
Lair:2 exclusion: 4 oklob plants


Innate Abilities, Weirdness & Mutations

((You are very nimble when in or above water. (Stealth+, EV+, Speed+++)))
Your lower body shifts to a powerful aquatic tail in water.


Message History

You are too injured to fight recklessly!
You are too injured to fight recklessly!
You are too injured to fight recklessly!
You are too injured to fight recklessly!
The wind drake exhales a fierce blast of wind!
You stop ascending the stairs.
You are blown backwards!
Your legs become a tail as you dive into the water.
Your +2 pair of boots of fire resistance melds into your body.
You feel less resistant to fire.
Floosh!
The merfolk impaler throws a stone.
The stone misses you.
The faun unwields a +0 quarterstaff.
The faun wields a +2 sling of freezing.
It is covered in frost.
The faun shoots a sling bullet.
The sling bullet hits you! The sling bullet freezes you.
Press: ? - help, v - describe, . - travel
Here: a wind drake (repelling missiles)
A staircase back to the Lair, spattered with blood.
Your +2 pair of boots of fire resistance unmelds from your body.
You feel resistant to fire.
A merfolk comes into view. It is wielding a +0 trident.
The merfolk moves out of view.
The merfolk throws a boomerang.
The boomerang completely misses you.
You draw a card...
You have drawn the Illusion.
Suddenly you stand beside yourself.
A merfolk comes into view. It is wielding a +0 trident.
The merfolk throws a boomerang.
The boomerang completely misses raph's illusion.
The boomerang hits you.
* * * LOW HITPOINT WARNING * * *
The wind drake exhales a fierce blast of wind!
You are blown backwards!
The merfolk and raph's illusion are blown away by the wind.
The wind drake flaps its wings at you. The air twists around and strikes you!!
* * * LOW HITPOINT WARNING * * *
The manticore flicks its tail.
The volley of spikes hits you!!
The barbed spikes become lodged in your body.
You die...
Your body disappears without additional glow.

..#.......####.....##
~~.~~......# #....!.#.
~≈≈≈~~..~..###)..~~...
~~≈≈~~~~~~.........~..
.?~~~~~~)[)..)~~~~....
..~~~~~~~~~~..~~~~..##
...~~~~~)<...~~~~~.##
....~?).)HmcC.)~~..#
.....m)@####m......#
.##.$.~@...k......##
#................##
...~~....)[.........
....~.............~(#
........)..~.~....~##
..~~........########
~~~..m.......
~~.~.......~.


You could see a merfolk impaler, a wind drake (repels missiles), 2 merfolk, a
faun, a manticore, a cyclops and the friendly raph's illusion (summoned,
wandering).

Vanquished Creatures
  Kirke (D:14)
  Roxanne (D:14)
  An orc warlord (Orc:1)
  3 dire elephants (Lair:5)
  Snorg (D:10)
  3 merfolk impalers (Shoals:1)
  6 hydras
  4 boulder beetles
  A catoblepas (Lair:5)
  Erolcha (Orc:1)
  3 two-headed ogres
  4 centaur warriors
  4 ogre magi (Orc:2)
  10 death yaks
  2 dancing weapons (D:14)
  A death knight (D:15)
  Amaemon (D:8)
  2 sea snakes
  A spectral death yak (Lair:5)
  Nergalle (Lair:2)
  An orb spider (Lair:3)
  A spectral anaconda (Lair:5)
  Lodul (D:12)
  An obsidian statue (Lair:5)
  A deep elf archer (D:15)
  4 necromancers
  4 wizards
  4 harpies
  3 deep elf pyromancers
  Pikel (D:4)
  6 cyclopes
  A deep elf zephyrmancer (D:14)
  7 ugly things
  4 fauns (Shoals:1)
  8 orc sorcerers
  An oklob plant (Lair:2)
  12 manticores
  A centaur zombie (D:15)
  16 elephants
  2 dire elephant zombies (Lair:5)
  4 black mambas
  A water nymph (Shoals:1)
  12 cane toads
  A naga mage (D:15)
  An orange demon (D:8)
  A centaur skeleton (D:15)
  3 unseen horrors
  5 rime drakes
  3 freezing wraiths (D:15)
  8 komodo dragons
  A tengu conjurer (D:14)
  A yaktaur (D:15)
  A queen bee (Lair:2)
  7 trolls
  7 merfolk (Shoals:1)
  2 polar bears
  A spectral elephant (Lair:5)
  16 blink frogs
  A hornet (D:15)
  A meliai zombie (D:15)
  2 dream sheep
  A spriggan (Lair:2)
  A vampire (D:9)
  45 yaks
  A shadow (D:11)
  11 wyverns
  5 wraiths
  8 basilisks
  6 hogs (D:14)
  2 steam dragons
  A death yak simulacrum (Lair:5)
  2 spectral cane toads (Lair:5)
  5 vampire mosquitoes (D:14)
  A warg (Orc:1)
  3 acid dragons
  A two-headed ogre zombie (D:11)
  17 water moccasins
  A hornet zombie (D:15)
  A swamp drake (Lair:3)
  14 orc warriors
  4 ice beasts
  An elephant zombie (Lair:5)
  2 black bears
  A black bear (shapeshifter) (D:10)
  15 ogres
  13 centaurs
  20 wolves
  A lemure (D:3)
  An elephant skeleton (Lair:5)
  A kobold brigand (D:10)
  A phantom (D:11)
  9 bullfrogs
  3 scorpions
  A cane toad simulacrum (Lair:5)
  A necrophage (D:8)
  8 wights
  A troll zombie (D:11)
  48 killer bees
  9 howler monkeys
  2 electric eels
  5 hounds
  3 jellies
  2 gnoll boudas (D:5)
  11 orc priests
  Ijyb (D:3)
  3 iguanas
  34 orc wizards
  6 ogre zombies (D:11)
  Robin (D:2)
  15 gnolls
  12 adders
  A river rat (Lair:2)
  4 white imps
  3 worms
  2 dart slugs
  69 orcs
  An endoplasm (D:2)
  3 giant cockroaches
  13 goblins
  8 hobgoblins
  3 jackals (D:5)
  2 quokkas
  6 ball pythons
  3 bats
  4 frilled lizards
  A goblin skeleton (D:11)
  A goblin zombie (D:11)
  4 hobgoblin zombies (D:11)
  10 kobolds
  2 orc skeletons (D:11)
  17 orc zombies (D:11)
  10 rats
737 creatures vanquished.

Vanquished Creatures (collateral kills)
  Nessos (D:12)
  2 hydras (Lair:5)
  A boulder beetle (Lair:5)
  2 elephants (Lair:5)
  A troll (Orc:1)
  2 blink frogs (Lair:4)
  3 dream sheep (Lair:5)
  A yak (Lair:5)
  2 orc warriors (Orc:1)
  An orc priest (Orc:1)
16 creatures vanquished.

Vanquished Creatures (others)
  A manticore (Shoals:1)
  5 dream sheep (D:8)
  An orc warrior (Orc:1)
  An orc wizard (Orc:1)
  A bush (Lair:5)
  56 fungi
  100 plants
  21 withered plants (Lair:5)
186 creatures vanquished.

Grand Total: 939 creatures vanquished

Notes
Turn   | Place    | Note
-------+----------+-------------------------------------------
     0 | D:1      | raph the Merfolk Gladiator began the quest for the Orb.
     0 | D:1      | Reached XP level 1. HP: 16/16 MP: 1/1
   204 | D:1      | Reached XP level 2. HP: 23/23 MP: 2/2
   428 | D:1      | Reached XP level 3. HP: 28/28 MP: 3/3
   952 | D:2      | Noticed Robin
   956 | D:2      | Killed Robin
   992 | D:2      | Reached skill level 5 in Polearms
  1057 | D:2      | Reached XP level 4. HP: 33/34 MP: 4/4
  1232 | D:2      | Found Matzejyn's Jewellery Shop.
  1569 | D:2      | Reached XP level 5. HP: 30/41 MP: 5/5
  1965 | D:2      | Found a faded altar of an unknown god.
  2357 | D:3      | Found a snail-covered altar of Cheibriados.
  2393 | D:3      | Noticed Ijyb
  2403 | D:3      | Killed Ijyb
  2404 | D:3      | Reached skill level 5 in Dodging
  2494 | D:3      | Identified the +5 sling of Certain Death {freeze, rF+}
  2624 | D:3      | Reached skill level 6 in Polearms
  3414 | D:4      | Reached XP level 6. HP: 47/47 MP: 6/6
  3597 | D:4      | Noticed Pikel
  3812 | D:4      | Killed Pikel
  3813 | D:4      | Reached skill level 8 in Polearms
  3813 | D:4      | Reached XP level 7. HP: 33/55 MP: 7/7
  4060 | D:4      | Found Pixt's Fire Supplies.
  4612 | D:4      | Bought a +2 ring mail of fire resistance for 231 gold
                  | pieces
  4660 | D:5      | Entered Level 5 of the Dungeon
  4727 | D:5      | Reached XP level 8. HP: 61/61 MP: 8/8
  5212 | D:5      | Reached skill level 5 in Fighting
  5256 | D:5      | Reached skill level 9 in Polearms
  5398 | D:5      | Reached skill level 5 in Throwing
  5533 | D:5      | Reached skill level 10 in Polearms
  5564 | D:5      | Reached XP level 9. HP: 62/69 MP: 9/9
  6118 | D:6      | Found a sparkling altar of Nemelex Xobeh.
  6233 | D:6      | Became a worshipper of Nemelex Xobeh the Trickster
  6745 | D:6      | Reached skill level 11 in Polearms
  6745 | D:6      | Reached skill level 1 in Evocations
  7033 | D:6      | Found a radiant altar of Vehumet.
  7200 | D:6      | Found a glowing silver altar of Zin.
  7200 | D:6      | Found a glowing golden altar of the Shining One.
  7200 | D:6      | Found a white marble altar of Elyvilon.
  7476 | D:7      | Found a staircase to the Ecumenical Temple.
  7831 | D:7      | Reached * piety under Nemelex Xobeh
  7978 | D:7      | Reached XP level 10. HP: 77/77 MP: 10/10
  8046 | D:8      | Found a hide-covered altar of Uskayaw.
  8111 | D:8      | Reached skill level 12 in Polearms
  8490 | D:8      | Received a gift from Nemelex Xobeh
  8516 | D:8      | Noticed an orange demon
  8517 | D:8      | Noticed Amaemon
  8772 | D:9      | Reached ** piety under Nemelex Xobeh
  9237 | D:9      | Reached skill level 13 in Polearms
  9358 | D:9      | Found a hazy altar of Hepliaklqana.
  9775 | D:2      | Bought the amulet of Awe {Acrobat rElec Dex-2 Slay+2} for
                  | 674 gold pieces
 10122 | D:9      | Reached skill level 10 in Dodging
 10122 | D:9      | Reached XP level 11. HP: 86/86 MP: 11/11
 10294 | D:9      | Found a sacrificial altar of Ru.
 10294 | D:9      | Found a blossoming altar of Fedhas.
 10321 | D:10     | Entered Level 10 of the Dungeon
 10498 | D:10     | Received a gift from Nemelex Xobeh
 10521 | D:10     | Reached *** piety under Nemelex Xobeh
 10711 | D:10     | Noticed a two-headed ogre
 10719 | D:10     | Killed a two-headed ogre
 10720 | D:10     | Reached skill level 14 in Polearms
 10777 | D:10     | Found an ancient bone altar of Kikubaaqudgha.
 10795 | D:10     | Received a gift from Nemelex Xobeh
 10795 | D:10     | Noticed Snorg
 10816 | D:10     | Killed Snorg
 10817 | D:10     | Reached skill level 5 in Evocations
 11090 | D:10     | Found a burning altar of Makhleb.
 11291 | D:10     | Found a portal to a secret trove of treasure.
 11548 | D:11     | Noticed a manticore
 11557 | D:11     | Killed a manticore
 11768 | D:11     | Noticed a cyclops
 11777 | D:11     | Killed a cyclops
 11979 | D:11     | Found a staircase to the Orcish Mines.
 12056 | D:11     | Noticed a cyclops
 12065 | D:11     | Killed a cyclops
 12086 | D:11     | Noticed a purple ugly thing
 12095 | D:11     | Killed a purple ugly thing
 12237 | D:11     | Noticed a brown ugly thing
 12250 | D:11     | Killed a brown ugly thing
 12255 | D:11     | Reached skill level 15 in Polearms
 12661 | D:12     | Noticed Nessos
 12676 | D:12     | Killed Nessos
 12761 | D:12     | Reached **** piety under Nemelex Xobeh
 12761 | D:12     | Received a gift from Nemelex Xobeh
 12777 | D:12     | Noticed a boulder beetle
 12780 | D:12     | Reached XP level 12. HP: 85/95 MP: 12/12
 12790 | D:12     | Killed a boulder beetle
 12923 | D:12     | Noticed Lodul
 12934 | D:12     | Killed Lodul
 13321 | D:12     | Noticed a boulder beetle
 13331 | D:12     | Banished a boulder beetle
 13774 | D:13     | Received a gift from Nemelex Xobeh
 13908 | D:8      | Found a staircase to the Lair.
 13924 | Lair:1   | Entered Level 1 of the Lair of Beasts
 13925 | Lair:1   | You fall into a shaft and drop 1 floor!
 13946 | Lair:2   | Reached skill level 16 in Polearms
 14199 | Lair:1   | Found a runed translucent door.
 14219 | Lair:1   | Noticed Asparus's ghost (journeyman DsCj)
 14298 | Lair:1   | Reached ***** piety under Nemelex Xobeh
 14646 | Lair:1   | Received a gift from Nemelex Xobeh
 15029 | Lair:2   | Reached skill level 10 in Fighting
 15183 | Lair:2   | Reached skill level 1 in Invocations
 15197 | Lair:2   | Reached skill level 1 in Stealth
 15693 | Lair:2   | Found a radiant altar of Vehumet.
 15738 | Lair:2   | Reached skill level 1 in Armour
 15742 | Lair:2   | Noticed a boulder beetle
 15756 | Lair:2   | Reached XP level 13. HP: 76/104 MP: 14/14
 16523 | Lair:2   | Received a gift from Nemelex Xobeh
 16602 | Lair:2   | Noticed Nergalle
 16608 | Lair:2   | Killed Nergalle
 18292 | Lair:3   | Reached skill level 10 in Throwing
 18558 | Lair:3   | Received a gift from Nemelex Xobeh
 18566 | Lair:3   | Found a staircase to the Shoals.
 18866 | D:4      | Bought a +0 pair of boots of fire resistance for 126 gold
                  | pieces
 19240 | Lair:3   | Found a hole to the Spider Nest.
 19267 | Lair:3   | Reached XP level 14. HP: 60/113 MP: 17/17
 20670 | Lair:4   | Reached skill level 5 in Stealth
 20930 | Lair:4   | HP: 5/114 [blink frog (13)]
 21452 | Lair:4   | Reached skill level 5 in Invocations
 21546 | Lair:4   | Identified the +1 robe of Ehaekhot {rF- Will+ Int+3 Stlth+}
 21560 | Lair:4   | Received a gift from Nemelex Xobeh
 22111 | Lair:5   | Entered Level 5 of the Lair of Beasts
 22363 | Lair:5   | Reached skill level 17 in Polearms
 23874 | Lair:5   | Reached skill level 18 in Polearms
 24552 | Lair:5   | Noticed a dire elephant
 24553 | Lair:5   | Noticed a dire elephant
 24850 | Orc:1    | Entered Level 1 of the Orcish Mines
 24850 | Orc:1    | Noticed an orc warlord
 24875 | Orc:1    | Killed an orc warlord
 24880 | Orc:1    | Reached XP level 15. HP: 69/120 MP: 19/19
 25369 | Orc:1    | Noticed Erolcha
 25376 | Orc:1    | Killed Erolcha
 25377 | Orc:1    | Reached skill level 19 in Polearms
 25812 | Orc:2    | Entered Level 2 of the Orcish Mines
 26585 | Orc:2    | Received a gift from Nemelex Xobeh
 26726 | Orc:2    | Found a staircase to the Elven Halls.
 26824 | Orc:2    | Reached ****** piety under Nemelex Xobeh
 26853 | Orc:2    | Found Iteovas's Jewellery Emporium.
 27053 | Orc:2    | Found an ancient bone altar of Kikubaaqudgha.
 27091 | Orc:2    | Reached skill level 20 in Polearms
 27128 | Orc:2    | Found a radiant altar of Vehumet.
 27156 | Orc:2    | Found Pihuk's Antique Weapon Shoppe.
 27164 | Orc:2    | Bought a glowing glaive for 294 gold pieces
 27195 | Orc:2    | Received a gift from Nemelex Xobeh
 27352 | Orc:2    | Found Ozofexub's Distillery.
 27428 | Orc:2    | Found Wuhexato's Antique Weapon Shoppe.
 27440 | Orc:2    | Bought a potion of cancellation for 104 gold pieces
 27440 | Orc:2    | Bought 2 potions of might for 104 gold pieces
 27745 | D:8      | Killed Amaemon
 27972 | D:8      | Received a gift from Nemelex Xobeh
 28073 | D:8      | Found a shimmering altar of Xom.
 29148 | D:13     | Received a gift from Nemelex Xobeh
 29381 | D:14     | Noticed Roxanne
 29652 | D:14     | Found Ekloh's Antique Weapon Boutique.
 29652 | D:14     | Found Zuujen's Distillery.
 29720 | D:14     | Reached skill level 21 in Polearms
 29871 | D:14     | Bought a potion of might for 52 gold pieces
 29871 | D:14     | Bought a potion of might for 52 gold pieces
 29871 | D:14     | Bought 2 potions of resistance for 260 gold pieces
 29971 | D:14     | Found a gate to the Vaults.
 29988 | D:14     | Noticed Kirke
 30011 | D:14     | Noticed a sphinx
 30253 | D:14     | Killed Kirke
 30359 | D:14     | Found Qooggaugeol's Magic Scroll Shoppe.
 30368 | D:14     | Found Bizyt's Jewellery Boutique.
 30369 | D:14     | Bought a scroll of enchant weapon for 105 gold pieces
 30369 | D:14     | Bought a scroll of silence for 133 gold pieces
 30444 | D:14     | Found Qiyhinuol's Assorted Antiques.
 30452 | D:14     | Bought a potion of heal wounds for 165 gold pieces
 30452 | D:14     | Bought a scroll of enchant armour for 247 gold pieces
 30545 | D:14     | Got the Omnibus of Axaxaxas mlö
 30581 | D:14     | Got Ts'ui Pên's Codex of Forking Paths
 30588 | D:14     | Got the Encyclopedia of Dhcmrlchtdj
 30707 | D:14     | Killed Roxanne
 30708 | D:14     | Reached skill level 22 in Polearms
 30825 | D:15     | Entered Level 15 of the Dungeon
 31514 | D:15     | Received a gift from Nemelex Xobeh
 31850 | D:15     | Received a gift from Nemelex Xobeh
 32192 | D:15     | Found a staircase to the Depths.
 32269 | D:15     | Reached XP level 16. HP: 72/127 MP: 20/20
 32459 | D:15     | Reached skill level 23 in Polearms
 33312 | Lair:5   | Found a staircase to the Slime Pits.
 34487 | Lair:5   | Reached skill level 24 in Polearms
 34496 | Lair:5   | HP: 6/124 [dire elephant simulacrum[a necromancer] (27)]
 35389 | Shoals:1 | Entered Level 1 of the Shoals
 37541 | Shoals:1 | Killed from afar by a manticore

Illustrated notes

Levels and vault maps discovered:
D:1:      dpeg_arrival_water_temple_mockup, layout_basic, minmay_tromino_v4_c
D:2:      layout_loops_ring, shapermc_ecumenical_altar_ellora, serial_shops,
          shop_coins, grunt_ministairs_11,
          nicolae_concentric_dashed_squares_mild, uniq_robin
D:3:      layout_basic, lemuel_tele_altar, st_stairs_4, serial_park_tiny_2,
          uniq_ijyb
D:4:      layout_gridville, nicolae_shop_fire_sale [nicolae_sub_dead_trees],
          uniq_pikel
D:5:      minmay_polygon_palace, layout_cave_pools, hangedman_decor_points
D:6:      layout_loops_ring, good_gods_mini_temple, mainiacjoe_overflow_catwalk,
          mainiacjoe_overflow_surrounded_room
D:7:      layout_loops_cross, minmay_temple_entry_metal_lava, serial_glass,
          glass_columns_a, glass_columns_a
D:8:      layout_basic, nicolae_overflow_crystal_walls, kb_xom_exploding_sheep,
          lair_entry_dummy, uniq_amaemon
D:9:      layout_long_grid, mainiacjoe_overflow_boulevard,
          gammafunk_temple_overflow_elements
D:10:     layout_irregular_city, bloody_makhleb,
          mainiacjoe_overflow_six_doors_small, enter_trove_0, uniq_snorg
D:11:     layout_basic, zombieorc2_lemuel, chequers_serial_rivers_room_b
D:12:     layout_stronghold, uniq_lodul, uniq_nessos
D:13:     layout_stronghold, hangedman_decor_riveting
D:14:     layout_rooms, erik_vaults_1, serial_shops,
          nicolae_shop_overgrown_old_shop, shop, shop, shop,
          nicolae_shop_hallway_plus, solitary_fountain,
          chequers_hall_statues_corner_a, bh_hangedman_babel_library,
          uniq_roxanne, uniq_kirke
D:15:     grunt_enter_depths_magical_seal, layout_layer_cave,
          chequers_serial_rivers_small_b, corexii_corridor_pit, minivault_20
Lair:1:   layout_loops_ring, gammafunk_ghost_grave
Lair:2:   hangedman_what_comes_after_a, layout_loops_ring,
          chequers_serial_rivers_room_a, nicolae_quartered_pool_super,
          st_stairs_4, lemuel_oklob_altar, uniq_nergalle
Lair:3:   layout_loops_ring, elwin_shoals_entry_rocks,
          nicolae_spider_entry_orb_guardian
Lair:4:   layout_roguey, guppyfry_lair_drakes, infiniplex_staircase_pool_2,
          serial_bayou_shore_b
Lair:5:   due_jungle_book, layout_loops_ring, dpeg_slime_entry_enclosed
Shoals:1: layout_shoals, nicolae_shoals_flooded_hall, uniq_louise
Orc:1:    layout_caves, uniq_erolcha
Orc:2:    kennysheep_orc_mage_school, layout_caves, basic_altar

Skill      XL: |  1  2  3  4  5  6  7  8  9 10 11 12 13 14 15 16 |
---------------+-------------------------------------------------+-----
Polearms       | 5 6 8 10 11 13 15 16 18 22 24 | 24.0
Fighting       | 3 4 5 6 7 9 10 11 12 | 12.3
Throwing       | 3 4 5 6 7 8 9 10 | 10.8
Dodging        | 5 6 7 8 10 11 12 13 14 | 14.6
Evocations     | 2 4 5 7 8 9 |  9.1
Invocations    | 2 4 5 6 |  6.3
Stealth        | 1 4 5 |  5.9
Armour         | 1 2 3 4 |  4.2

Action                   |  1- 3 |  4- 6 |  7- 9 | 10-12 | 13-15 | 16-18 || total
-------------------------+-------+-------+-------+-------+-------+-------++-------
Melee: Trident           |    66 |    53 |       |       |     4 |       ||   123
       Spear             |       |    75 |   144 |       |       |       ||   219
       Halberd           |       |       |   193 |   751 |   106 |       ||  1050
       Punch             |       |       |     3 |       |       |       ||     3
       Bardiche          |       |       |       |       |   910 |   311 ||  1221
       Glaive            |       |       |       |       |    17 |       ||    17
Throw: Stone             |     2 |    30 |       |     1 |     4 |       ||    37
       Dart              |     1 |     2 |     4 |     3 |     6 |       ||    16
       Javelin           |       |     3 |       |       |       |       ||     3
       Throwing net      |       |     1 |       |     4 |       |       ||     5
       Boomerang         |       |       |       |       |    38 |    10 ||    48
Invok: Draw Summoning    |       |       |       |     2 |     7 |     1 ||    10
       Draw Destruction  |       |       |       |     3 |    29 |     5 ||    37
       Draw Escape       |       |       |       |       |     3 |       ||     3
Evoke: Wand              |       |       |     2 |       |     4 |     1 ||     7
  Use: Scroll            |       |     9 |    10 |    11 |     9 |     1 ||    40
       Potion            |       |       |     2 |     4 |     4 |       ||    10
 Stab: Distracted        |     1 |       |     1 |       |     4 |     1 ||     7
       Sleeping          |     1 |       |     1 |     1 |    13 |     1 ||    17
       Held in net/web   |       |     4 |       |     1 |       |       ||     5
       Invisible         |       |       |     8 |       |       |       ||     8
       Paralysed         |       |       |       |     8 |       |       ||     8
       Confused          |       |       |       |     3 |       |       ||     3
       Petrifying        |       |       |       |     1 |       |       ||     1
Armor: Leather armour    |    23 |    47 |     1 |       |       |       ||    71
       Ring mail         |       |       |   112 |    75 |       |    65 ||   252
       Troll leather arm |       |       |       |    27 |       |       ||    27
       Acid dragon scale |       |       |       |    79 |   259 |    52 ||   390
Dodge: Dodged            |    24 |    65 |   200 |   667 |  1155 |   445 ||  2556
